 Dungeon Crawl Stone Soup version 0.21.1-1-g345015f (webtiles) character file.

11753 Fang the Cleaver (level 11, -10/71 HPs)
             Began as a Gargoyle Berserker on May 29, 2018.
             Was a High Priest of Trog.
             Mangled by a two-headed ogre
             ... wielding a +0 giant club
              (24 damage)
             ... on level 12 of the Dungeon.
             The game lasted 00:18:10 (10240 turns).

Fang the Cleaver (Gargoyle Berserker)              Turns: 10240, Time: 00:18:10

Health: -10/71     AC: 19    Str: 25    XL:     11   Next: 82%
Magic:  11/11      EV: 17    Int:  9    God:    Trog [*****.]
Gold:   646        SH:  0    Dex:  9    Spells: 10/10 levels left

rFire    x . .     SeeInvis .   y - +5 war axe (chop)
rCold    + . .     Gourm    .   (no shield)
rNeg     + . .     Faith    .   s - +4 troll leather armour {Purgy}
rPois    ∞         Spirit   .   (no helmet)
rElec    +         Reflect  .   m - +2 cloak
rCorr    .         Harm     .   (no gloves)
MR       .....                  (no boots)
Stlth    ++........             (no amulet)
HPRegen  0.61/turn              p - ring of ice
MPRegen  0.12/turn              r - +3 ring of evasion

@: berserk cooldown, slowed, very slow
A: negative energy resistance 1, electricity resistance, strong 1, unbreathing,
petrification resistance, rot immunity, MP-powered wands, AC +8
a: Berserk, Trog's Hand, Brothers in Arms, Burn Spellbooks, Renounce Religion


You were on level 12 of the Dungeon.
You worshipped Trog.
Trog was extremely pleased with you.
You were very hungry.

You visited 2 branches of the dungeon, and saw 13 of its levels.
You also visited: Sewer and Ossuary.

You collected 646 gold pieces.

Inventory:

Hand Weapons
 y - a +5 war axe of chopping (weapon)
 F - a +1 halberd of chopping
 G - a +2 war axe
 H - a +4 hand axe
Missiles
 j - 7 javelins (quivered)
Armour
 m - a +2 cloak (worn)
 s - a +4 troll leather armour (worn) {Purgy}
Jewellery
 k - an uncursed ring of resist corrosion
 p - a ring of ice (left hand)
 r - a +3 ring of evasion (right hand)
Wands
 a - a wand of paralysis (15)
 g - a wand of flame (44)
 q - a wand of enslavement (8)
 u - a wand of digging (25)
 B - a wand of random effects (75)
Scrolls
 b - 4 scrolls of remove curse
 e - 3 scrolls of teleportation
 o - a scroll of blinking
 v - 2 scrolls of magic mapping
 A - a scroll of fear
Potions
 d - a potion of haste
 f - 4 potions of brilliance
 h - a potion of ambrosia
 n - a potion of heal wounds
 t - a potion of agility
 w - 5 potions of curing
 x - a potion of berserk rage
 z - a potion of flight
 C - 2 potions of magic
 J - a potion of invisibility
Comestibles
 c - 20 rations


   Skills:
 + Level 9.4 Fighting
 + Level 12.3 Axes
 + Level 4.3 Armour
 + Level 7.1 Dodging
 + Level 5.1 Stealth


You had 10 spell levels left.
You didn't know any spells.

Dungeon Overview and Level Annotations

Branches:
Dungeon (12/15)            Temple (1/1) D:4            Lair (0/6) D:8
    Orc: D:9-12

Altars:
Ashenzari
Cheibriados
Dithmenos
Elyvilon
Fedhas
Gozag
Hepliaklqana
Kikubaaqudgha
Makhleb
Nemelex Xobeh
Okawaru
Qazlal
Ru
Sif Muna
Trog
Uskayaw
Vehumet
Wu Jian
Xom
Yredelemnul
Zin
The Shining One

Shops:
D:4 [?


Innate Abilities, Weirdness & Mutations

You are resistant to torment.
Your stone body is resilient. (AC +8)
You are immune to poison.
You resist negative energy. (rN+)
You are resistant to electric shocks. (rElec)
You can survive without breathing.
You are immune to petrification.
You are immune to rotting.
Your muscles are strong. (Str +2)
You expend magic power (3 MP) to strengthen your wands.


Message History

Trog's vigour flows through your veins.
You are exhausted.
You feel yourself slow down. The two-headed ogre closely misses you.
The two-headed ogre barely misses you.
You climb downwards.
Found 17 stones, a scroll of enchant armour and 18 gold pieces.
Found a stone staircase leading up.
There is a stone staircase leading up here.
The two-headed ogre hits you with a giant club.
* * * LOW HITPOINT WARNING * * *
The two-headed ogre hits you with a giant spiked club!
* * * LOW HITPOINT WARNING * * *
Found a runed hat.
The two-headed ogre completely misses you.
The two-headed ogre barely misses you.
The two-headed ogre completely misses you.
The two-headed ogre misses you.
There is a stone staircase leading up here.
The two-headed ogre hits you with a giant club!!
You die...

.. #. . #.
.. ###.##
..#
....####..#
#......<#
#.......#
#(@.....#
#..O.......
#.......###
#..?......[
#.......###
#$......#
#.......#
#.......#


You could see a two-headed ogre.

Vanquished Creatures
  4 two-headed ogres (D:11)
  The ghost of MayorMcCheese the Fighter, a novice GrBe of Trog (D:9)
  A cyclops (D:7)
  The ghost of Atropine the Sneak, a novice MiAs of Wu Jian (D:6)
  The ghost of gregunderscorem the Skirmisher, a novice OpFi (D:4)
  Sigmund (D:6)
  A spriggan (D:9)
  6 yaks (D:11)
  A vampire (D:10)
  A hungry ghost (D:9)
  Edmund (D:5)
  A water moccasin (D:9)
  2 porcupines (D:8)
  3 black bears (D:8)
  3 ice beasts
  3 orc warriors
  Purgy (D:3)
  A sky beast (D:9)
  2 phantoms
  A necrophage (D:10)
  7 ogres
  6 centaurs
  A big kobold (D:7)
  7 bullfrogs
  5 scorpions
  6 killer bees (D:10)
  14 wights
  3 howler monkeys
  2 bullfrog zombies
  4 crimson imps
  5 hounds
  A quasit (D:7)
  Crazy Yiuf (D:2)
  A centaur skeleton (D:5)
  2 bullfrog skeletons
  7 orc wizards
  A human zombie (Ossuary)
  5 orc priests
  3 jellies
  Jessica (D:3)
  2 iguanas
  Terence (D:2)
  10 worker ants
  A killer bee zombie (D:9)
  3 big kobold zombies (Ossuary)
  A hound zombie (D:4)
  A hound skeleton (D:7)
  2 mummies (Ossuary)
  7 gnolls
  A howler monkey skeleton (D:5)
  12 adders
  6 shadow imps
  2 oozes
  2 adder skeletons
  An adder zombie (D:5)
  3 worms
  4 leopard geckos
  26 orcs
  11 giant cockroaches
  5 goblins
  6 hobgoblins
  8 jackals
  10 kobolds
  5 quokkas
  6 ball pythons
  5 bats
  9 frilled lizards
  A goblin zombie (Ossuary)
  8 hobgoblin zombies (Ossuary)
  3 jackal zombies (Ossuary)
  11 kobold zombies (Ossuary)
  A leopard gecko skeleton (D:4)
  8 orc zombies (Ossuary)
  A quokka zombie (D:9)
  8 rats
  2 rat zombies (Ossuary)
  A fungus (D:8)
312 creatures vanquished.

Vanquished Creatures (others)
  5 fungi (D:8)
  A plant (D:8)
6 creatures vanquished.

Grand Total: 318 creatures vanquished

Notes
Turn   | Place    | Note
-------+----------+-------------------------------------------
     0 | D:1      | Fang the Gargoyle Berserker began the quest for the Orb.
     0 | D:1      | Reached XP level 1. HP: 14/14 MP: 1/1
   261 | D:1      | Reached XP level 2. HP: 19/19 MP: 2/2
   673 | D:1      | Reached skill level 3 in Axes
   879 | D:2      | Reached XP level 3. HP: 21/24 MP: 3/3
   907 | D:2      | Reached ** piety under Trog
  1258 | D:2      | Found a burning altar of Makhleb.
  1258 | D:2      | Noticed an Executioner
  1481 | D:2      | Noticed Terence
  1488 | D:2      | Killed Terence
  1488 | D:2      | Reached XP level 4. HP: 28/29 MP: 4/4
  1552 | D:2      | Found a runed door.
  1617 | D:2      | Found a glowing golden altar of the Shining One.
  1707 | D:2      | Noticed Crazy Yiuf
  1711 | D:2      | Killed Crazy Yiuf
  1795 | D:3      | Reached XP level 5. HP: 31/33 MP: 5/5
  1807 | D:3      | Noticed Jessica
  1824 | D:3      | Killed Jessica
  1824 | D:3      | Reached skill level 4 in Axes
  2008 | D:3      | Found a glowing drain.
  2079 | Sewer    | Entered a sewer
  2301 | Sewer    | Reached skill level 1 in Stealth
  2488 | Sewer    | Reached XP level 6. HP: 39/39 MP: 6/6
  3064 | D:3      | Noticed Purgy
  3072 | D:3      | Killed Purgy
  3072 | D:3      | Reached skill level 5 in Fighting
  3127 | D:3      | Reached XP level 7. HP: 39/44 MP: 7/7
  3160 | D:3      | Found a shattered altar of Ashenzari.
  3407 | D:4      | Noticed gregunderscorem's ghost (novice OpFi)
  3408 | D:4      | Found an iron altar of Okawaru.
  3421 | D:4      | Killed gregunderscorem's ghost
  3421 | D:4      | Reached skill level 5 in Axes
  3537 | D:4      | Found a staircase to the Ecumenical Temple.
  3568 | D:4      | Reached *** piety under Trog
  3593 | D:4      | Reached skill level 6 in Axes
  3593 | D:4      | Reached XP level 8. HP: 48/50 MP: 8/8
  3975 | D:4      | Found Ogam's Antique Armour Shop.
  4061 | D:4      | Found Qiof's Magic Scroll Shoppe.
  4290 | Temple   | Entered the Ecumenical Temple
  4597 | D:5      | Entered Level 5 of the Dungeon
  4741 | D:5      | Noticed Edmund
  4753 | D:5      | Killed Edmund
  4821 | D:5      | Reached skill level 7 in Axes
  5161 | D:5      | Found an ancient bone altar of Kikubaaqudgha.
  5454 | D:5      | Reached **** piety under Trog
  5462 | D:5      | Reached XP level 9. HP: 56/56 MP: 9/9
  5606 | D:6      | Noticed Atropine's ghost (novice MiAs)
  5616 | D:6      | Reached skill level 5 in Dodging
  5628 | D:6      | Killed Atropine's ghost
  5628 | D:6      | Reached skill level 8 in Axes
  5706 | D:6      | Found a blossoming altar of Fedhas.
  5803 | D:6      | Noticed Sigmund
  5842 | D:6      | Killed Sigmund
  6176 | D:6      | Reached skill level 9 in Axes
  6416 | D:6      | Reached XP level 10. HP: 59/63 MP: 10/10
  6825 | D:7      | Found a shadowy altar of Dithmenos.
  7024 | D:7      | Noticed a cyclops
  7047 | D:7      | Killed a cyclops
  7220 | D:7      | Found a sacrificial altar of Ru.
  7237 | D:7      | Reached ***** piety under Trog
  7560 | D:8      | Found a glowing golden altar of the Shining One.
  7663 | D:8      | Found a stormy altar of Qazlal.
  7848 | D:8      | Reached skill level 10 in Axes
  7958 | D:8      | Found a staircase to the Lair.
  8029 | D:8      | Found a shimmering altar of Xom.
  8221 | D:8      | Found a sand-covered staircase.
  8257 | Ossuary  | Entered an ossuary
  8386 | Ossuary  | Received a gift from Trog
  8764 | D:9      | Noticed MayorMcCheese's ghost (novice GrBe)
  8805 | D:9      | Killed MayorMcCheese's ghost
  8805 | D:9      | Reached skill level 11 in Axes
  8805 | D:9      | Reached XP level 11. HP: 69/69 MP: 11/11
  9057 | D:9      | Found an ornate altar of the Wu Jian Council.
  9228 | D:9      | Found a blossoming altar of Fedhas.
  9237 | D:9      | Found a hide-covered altar of Uskayaw.
  9237 | D:9      | Found a basalt altar of Yredelemnul.
  9240 | D:9      | Found an opulent altar of Gozag.
  9608 | D:10     | Entered Level 10 of the Dungeon
  9759 | D:10     | Gained mutation: You have sharp fingernails. [potion of mutation]
  9759 | D:10     | Gained mutation: Your muscles are strong. (Str +2) [potion of mutation]
  9760 | D:10     | Lost mutation: Your muscles are strong. (Str +2) [potion of mutation]
  9760 | D:10     | Lost mutation: You have sharp fingernails. [potion of mutation]
  9760 | D:10     | Gained mutation: You expend magic power (3 MP) to strengthen your wands. [potion of mutation]
  9760 | D:10     | Gained mutation: Your muscles are strong. (Str +2) [potion of mutation]
  9946 | D:10     | Received a gift from Trog
 10093 | D:11     | Found a deep blue altar of Sif Muna.
 10201 | D:11     | Noticed a two-headed ogre
 10212 | D:11     | Noticed a two-headed ogre
 10214 | D:11     | Killed a two-headed ogre
 10218 | D:11     | Noticed a two-headed ogre
 10219 | D:11     | Noticed a two-headed ogre
 10221 | D:11     | Killed a two-headed ogre
 10221 | D:11     | Reached skill level 5 in Stealth
 10228 | D:11     | Noticed a two-headed ogre
 10228 | D:11     | Reached skill level 12 in Axes
 10233 | D:11     | Killed a two-headed ogre
 10233 | D:11     | Killed a two-headed ogre
 10240 | D:12     | Mangled by a two-headed ogre

Skill      XL: |  1  2  3  4  5  6  7  8  9 10 11 |
---------------+----------------------------------+-----
Axes           | 3 4 6 7 9 11 12 | 12.3
Dodging        | 2 3 4 5 6 7 |  7.1
Fighting       | 4 5 6 7 8 9 |  9.4
Stealth        | 1 2 3 5 |  5.1
Armour         | 3 4 |  4.3

Action                   |  1- 3 |  4- 6 |  7- 9 | 10-12 || total
-------------------------+-------+-------+-------+-------++-------
Melee: Hand axe          |   151 |   134 |   457 |   113 ||   855
       War axe           |       |       |       |   343 ||   343
Invok: Berserk           |     1 |     2 |     5 |     3 ||    11
       Burn Spellbooks   |       |     1 |       |       ||     1
  Use: Scroll            |       |       |    19 |    12 ||    31
       Potion            |       |       |       |     2 ||     2
 Stab: Sleeping          |     1 |       |     2 |     7 ||    10
  Eat: Chunk             |     3 |     7 |    17 |     8 ||    35
       Ration            |       |       |       |     2 ||     2
Armor: Animal skin       |    51 |    66 |       |       ||   117
       Troll leather arm |       |       |   138 |   137 ||   275
Dodge: Dodged            |    78 |    92 |   348 |   374 ||   892
